 Dungeon Crawl Stone Soup version 0.30-a0-782-ge64f9170bb (webtiles) character file.

Game seed: 16393414347037112448

15 tilp the Shield-Bearer (level 2, -2/26 HPs)
             Began as a Meteoran Fighter on Feb 19, 2023.
             Slain by an orc
             ... wielding a +0 war axe
              (8 damage)
             ... on level 2 of the Dungeon.
             The game lasted 00:02:14 (478 turns).

tilp the Shield-Bearer (Meteoran Fighter)            Turns: 478, Time: 00:02:15

Health: -2/26      AC:  9    Str: 17    XL:     2   Next: 88%
Magic:  3/3        EV:  7    Int:  9    God:
Gold:   78         SH:  5    Dex: 13    Spells: 1/1 levels left

rFire   + . .      SeeInvis .    a - +0 long sword
rCold   + . .      Faith    .    c - +0 buckler
rNeg    . . .      Spirit   .    g - +0 chain mail
rPois   .          Reflect  .    (no helmet)
rElec   .          Harm     .    j - scarf {rC+ rF+}
rCorr   .          Rampage  .    (no gloves)
Will    .....                    (no boots) Stlth
                                 (no amulet)
HPRegen 0.24/turn                (no ring)
MPRegen 0.08/turn                (no ring)

@: glowing
A: sense surroundings 1, otherworldly, glowing, explore regen
a: no special abilities


You were on level 2 of the Dungeon.
You visited 1 branch of the dungeon, and saw 3 of its levels.

You collected 78 gold pieces.

Inventory:

Hand Weapons
 a - a +0 long sword (weapon)
Missiles
 f - a stone (quivered)
 i - 3 boomerangs of dispersal
Armour
 b - a +0 scale mail
 c - a +0 buckler (worn)
 g - a +0 chain mail (worn)
 j - a scarf of resistance (worn)
Scrolls
 e - a scroll of identify {unknown}
 h - a scroll of teleportation {unknown}
Potions
 d - a potion of might


   Skills:
 + Level 3.5 Fighting
 * Level 3.0 Long Blades
 + Level 0.7 Throwing
 - Level 3.6 Armour
 + Level 1.0 Dodging
 - Level 3.6 Shields


You had one spell level left.
You didn't know any spells.
Your spell library was empty.

Dungeon Overview and Level Annotations

Branches:
Dungeon (3/15) Zot: 1304

Altars:


Innate Abilities, Weirdness & Mutations

You passively map a small area around you.
You are easily found by Zot.
You glow in the dark.
You regain HP and MP as you explore.


Message History

There is a stone staircase leading down here.
Unknown command.
The orc hits you with a +0 falchion.
You hit the orc but do no damage. You hit the orc.
The orc is almost dead.
The orc hits you but does no damage.
You hit the orc.
You kill the orc!
The orc hits you but does no damage. x2
Your Dodging skill increases to level 1!
You hit the orc but do no damage. You closely miss the orc.
The orc complains loudly.
You block the orc's attack. The orc hits you but does no damage.
You barely miss the orc. The orc hits you but does no damage.
You block the orc's attack.
You barely miss the orc. The orc barely misses you. You block the orc's attack.
The orc hits you with a +0 falchion. The orc barely misses you.
You barely miss the orc. The orc hits you but does no damage.
The orc hits you with a +0 war axe.
* * * LOW HITPOINT WARNING * * *
You barely miss the orc. You block the orc's attack.
The orc hits you but does no damage.
You closely miss the orc. You block the orc's attack.
The orc hits you but does no damage. x3
You hit the orc.
The orc is moderately wounded.
The orc hits you with a +0 war axe.
* * * LOW HITPOINT WARNING * * *
You block the orc's attack.
You hit the orc but do no damage.
The orc is moderately wounded.
The orc hits you with a +0 war axe.
* * * LOW HITPOINT WARNING * * *
The orc hits you but does no damage.
You closely miss the orc.
The orc is moderately wounded.
The orc hits you with a +0 war axe!
You die...

,~, , , * **, ,
,~ ########## *
#......o@# *, ,
#......#o# * *
#......#.####.##*
#...............
*
#......#.######.
, #......#.# , ,
#.##.###.# *
#........# *
##.....>.# ,


You could see 2 orcs.

Vanquished Creatures
  5 orcs (D:2)
  A goblin (D:2)
  A kobold (D:1)
  3 rats
10 creatures vanquished.

Notes
Turn   | Place    | Note
-------+----------+-------------------------------------------
     0 | D:1      | tilp the Meteoran Fighter began the quest for the Orb.
     0 | D:1      | Reached XP level 1. HP: 19/19 MP: 2/2
    16 | D:1      | Found a faded altar of an unknown god.
   280 | D:2      | Reached XP level 2. HP: 20/26 MP: 3/3
   469 | D:2      | Reached skill level 1 in Dodging
   478 | D:2      | Slain by an orc

Illustrated notes

Levels and vault maps discovered:
D:1:      psy_arrival_whirlpool, layout_loops_corners,
          ebering_ecumenical_altar_abandoned
D:2:      layout_loops_corners, kennysheep_decorative_pillar,
          hangedman_decor_riveting, wad_orctagon, uniq_robin
D:3:      layout_basic, serial_forest, infiniplex_forest_straight_2,
          infiniplex_forest_diagonal, infiniplex_forest_join,
          infiniplex_forest_split, infiniplex_forest_clump_tiny,
          infiniplex_forest_clump_curved, infiniplex_forest_straight_4,
          uniq_jessica

Skill      XL: |  1  2 |
---------------+-------+-----
Long Blades    | 3 |  3.0
Dodging        | 1 |  1.0
Fighting       | |  3.5
Throwing       | |  0.7
Armour         | |  3.6
Shields        | |  3.6

Action                     || total
---------------------------++-------
  Melee: Long sword        ||    51
 Armour: Chain mail        ||    29
  Dodge: Dodged            ||    12
  Block: Buckler           ||    16

Table legend: (Time is in decaauts)
 A = Elapsed time spent in this place.
 B = Non-inter-level travel time spent in this place.
 C = Inter-level travel time spent in this place.
 D = Time resting spent in this place.
 E = Time spent auto-exploring this place.
 F = Levels seen in this place.
 G = Mean time per level.
                   A        B        C        D        E       F      G
               +--------+--------+--------+--------+--------+-----+--------+
         Total |    494 |    424 |     70 |      0 |      0 |   3 |  164.7 |
       Dungeon |    494 |    424 |     70 |      0 |      0 |   3 |  164.7 |
               +--------+--------+--------+--------+--------+-----+--------+

Top non-repeatable levels by time:
     D:2: 435 daAuts
     D:1: 38 daAuts
     D:3: 21 daAuts
